 Dungeon Crawl Stone Soup version 0.30-a0-586-g23e55c9e0a (webtiles) character file.

Game seed: 2970168980272865480

501 oldmanjim the Trooper (level 7, -3/53 HPs)
             Began as a Djinni Fire Elementalist on Jan 3, 2023.
             Slain by an orc
             ... wielding a +0 hand axe
              (4 damage)
             ... on level 4 of the Dungeon on Jan 4, 2023.
             The game lasted 00:13:42 (5138 turns).

oldmanjim the Trooper (Djinni Fire Elementalist)    Turns: 5138, Time: 00:13:43

Health: -3/53      AC:  2    Str:  7    XL:     7   Next: 40%
Gold:   186        EV: 13    Int: 18    God:
                   SH:  0    Dex: 14

rFire   + + +      SeeInvis .    v - +1 whip (venom)
rCold   x . .      Faith    .    (no shield)
rNeg    . . .      Spirit   .    a - +0 robe
rPois   ∞          Reflect  .    (no helmet)
rElec   .          Harm     .    (no cloak)
rCorr   .          Rampage  .    (no gloves)
Will    .....                    (boots unavailable)
Stlth   +                        (no amulet)
HPRegen 0.28/turn                x - ring of protection from fire
MPRegen 0.00/turn                (no ring)

@: confused, flying, very slightly contaminated
A: sickness immunity, fire resistance 2, cold vulnerability 1, float, innate
caster, HP casting, extra vitality 1
a: no special abilities


You were on level 4 of the Dungeon.
You visited 1 branch of the dungeon, and saw 5 of its levels.

You collected 186 gold pieces.

Inventory:

Hand Weapons
 j - a +0 spear of venom
 l - a +0 dagger of venom
 v - a +1 whip of venom (weapon)
Missiles
 d - 35 stones
 e - 2 datura-tipped darts
 t - a throwing net
 y - 6 poisoned darts
Armour
 a - a +0 robe (worn)
Magical Staves
 i - a staff of earth
Jewellery
 x - a ring of protection from fire (left hand)
Scrolls
 g - a scroll of magic mapping {unknown}
 h - 4 scrolls of identify {unknown}
 k - 2 scrolls of teleportation {unknown}
 m - a scroll of vulnerability {unknown}
 p - 3 scrolls of noise {unknown}
 q - a scroll of blinking {unknown}
 r - 2 scrolls of poison {unknown}
 w - a scroll of torment {unknown}
 A - a scroll of silence {unknown}
Potions
 b - a potion of magic
 c - a potion of flight {unknown}
 f - a potion of berserk rage {unknown}
 n - 3 potions of lignification {unknown}
 o - a potion of cancellation {unknown}
 s - 2 potions of might {unknown}
 u - a potion of curing
 z - 2 potions of haste {unknown}


   Skills:
 + Level 4.8 Fighting
 - Level 3.0 Dodging
 - Level 1.5 Stealth
 + Level 4.5 Spellcasting


You couldn't memorise any spells.
You knew the following spells:

 Your Spells              Type           Power      Damage    Failure   Level
a - Foxfire               Conj/Fire      80%        2x1d8     2%          1
b - Scorch                Fire           40%        2d7       3%          2
c - Kindle Blastsparks    Fire/Tloc/Air  40%        2d13      7%          3
d - Inner Flame           Hex/Fire       20%        N/A       7%          3
e - Flame Wave            Conj/Fire      20%        2d7       22%         4
f - Slow                  Hex            80%        N/A       2%          1
g - Passwall              Tmut/Erth      16%        N/A       3%          2
h - Blink                 Tloc           40%        N/A       3%          2
Your spell library was empty.

Dungeon Overview and Level Annotations

Branches:
Dungeon (5/15)
 Temple: D:4-7

Altars:
Ashenzari
Cheibriados
Dithmenos
Gozag
Ru
Yredelemnul

Shops:
D:2 (   D:4 [


Innate Abilities, Weirdness & Mutations

You are immune to sickness and miasma.
You are immune to poison.
Your flesh is very heat resistant. (rF++)
You are vulnerable to cold. (rC-)
You float through the air rather than walking.
You learn spells naturally, not from books.
Your magical power is your life essence.
You have superior vitality. (+4 MHP)


Message History

The spell is quite dangerous to miscast (22% risk of failure)!
Continue anyway?
Casting: Flame Wave (quite dangerous; 22% risk of failure)
Press: ? - help, Dir - look around, f - activate You miscast Flame Wave.
Nothing appears to happen.
The orc wizard barely misses you. The orc hits you with a +0 hand axe.
The orc barely misses you.
The orc wizard gestures at you while chanting.
You are confused.
The orc misses you. The orc hits you with a +0 war axe.
The orc hits you with a +0 hand axe. The orc wizard closely misses you.
The orc hits you with a +0 hand axe. The orc barely misses you.
The orc closely misses you.
You fly upwards.
There is a stone staircase leading down here.
Your +1 whip of venom begins to drip with poison!
v - a +1 whip of venom (weapon)
The orc wizard attacks as you move away!
The orc wizard barely misses you.
The orc wizard casts a spell.
The orc wizard flickers and vanishes!
Deactivating autopickup; reactivate with Ctrl-A.
You bump into the rock wall.
The orc barely misses you. The orc hits you with a +0 war axe!
* * * LOW HITPOINT WARNING * * *
You bump into the rock wall.
You feel less confused. The orc barely misses you. x2
You hear some strange, mumbled words.
You are confused.
You bump into the rock wall.
The orc hits you with a +0 hand axe.
* * * LOW HITPOINT WARNING * * *
The orc completely misses you. Something hits you.
* * * LOW HITPOINT WARNING * * *
You bump into the rock wall.
The orc barely misses you. The orc closely misses you. Something hits you.
* * * LOW HITPOINT WARNING * * *
Something hits you.
* * * LOW HITPOINT WARNING * * *
The orc hits you with a +0 hand axe.
You die...

...########..#.#..##.#.# ...#
#..#.#..##.#.# # ...#
#..#.#.....#.# # ...#
#..#.#.....#.####### # ...#
#..#.#.............# # ...#
#..#.###........##.# # ...#
#..#............##.# #
.#.########..#######......##.# #
................@...###....#.####
##..............oo>##_##.........
..................##...###.#.####
.#.###............#8.#.8##.#....#
.#.#.#.#......#...##)..# #.#..#.#
.###.#.#..........###.## #.#....#
.# #.#.#.#...##..##~#.## #.#.....
.# #.#........#.......≈# #.......
.###.##.....#.#.###~#.## #.<.....


You could see 2 orcs.

Vanquished Creatures
  Edmund (D:4)
  A centaur zombie (D:4)
  A hound (D:4)
  Natasha (thrice) (D:4)
  A scorpion zombie (D:4)
  2 hound zombies (D:4)
  4 gnolls (D:3)
  8 adders
  An adder zombie (D:4)
  3 worms
  2 dart slugs (D:3)
  2 orcs
  5 ball pythons
  8 endoplasms
  5 giant cockroaches
  8 goblins
  4 hobgoblins
  2 quokkas
  5 bats
  2 frilled lizards
  13 kobolds
  4 rats (D:2)
85 creatures vanquished.

Vanquished Creatures (others)
  150 foxfires
150 creatures vanquished.

Grand Total: 235 creatures vanquished

Notes
Turn   | Place    | Note
-------+----------+-------------------------------------------
     0 | D:1      | oldmanjim the Djinni Fire Elementalist began the quest for
                  | the Orb.
     0 | D:1      | oldmanjim set off with the following spells memorised:
                  | Foxfire, Scorch, Kindle Blastsparks, Inner Flame, Flame
                  | Wave.
     0 | D:1      | Reached XP level 1. HP: 15/15 MP: 0/0
   827 | D:2      | Reached XP level 2. HP: 21/22 MP: 0/0
   895 | D:2      | Reached skill level 1 in Fighting
   990 | D:2      | Found Kakuemy's Weapon Boutique.
  1034 | D:2      | Reached XP level 3. HP: 26/27 MP: 0/0
  1034 | D:2      | Learned a level 1 spell: Slow
  1346 | D:2      | Reached XP level 4. HP: 32/33 MP: 0/0
  1476 | D:2      | Found a faded altar of an unknown god.
  2056 | D:3      | Reached XP level 5. HP: 37/39 MP: 0/0
  2056 | D:3      | Learned a level 2 spell: Passwall
  2263 | D:3      | Found a broken altar of Ashenzari.
  2932 | D:3      | Found a shadowy altar of Dithmenos.
  3288 | D:4      | Noticed Natasha
  3294 | D:4      | Reached XP level 6. HP: 38/46 MP: 0/0
  3299 | D:4      | Killed Natasha
  3580 | D:4      | Noticed Edmund
  3601 | D:4      | Killed Edmund
  3719 | D:4      | Found a snail-covered altar of Cheibriados.
  3727 | D:4      | Found an opulent altar of Gozag.
  3740 | D:4      | Reached XP level 7. HP: 52/52 MP: 0/0
  3740 | D:4      | Learned a level 2 spell: Blink
  3747 | D:4      | Noticed Natasha
  3753 | D:4      | Killed Natasha
  3926 | D:4      | Found a basalt altar of Yredelemnul.
  4069 | D:4      | Found Ykkoq's Armour Shop.
  4122 | D:4      | Found a sacrificial altar of Ru.
  4550 | D:4      | Noticed Natasha
  4553 | D:4      | Killed Natasha
  4793 | D:4      | Found a snail-covered altar of Cheibriados.
  4800 | D:4      | Found an opulent altar of Gozag.
  4856 | D:4      | Found Ykkoq's Armour Shop.
  4877 | D:4      | Found a basalt altar of Yredelemnul.
  4980 | D:4      | Found a sacrificial altar of Ru.
  5123 | D:5      | Entered Level 5 of the Dungeon
  5137 | D:4      | HP: 2/53 [something (4)]
  5138 | D:4      | Slain by an orc

Illustrated notes

Levels and vault maps discovered:
D:1:      wander_arrival_chamber, layout_loops_ring, amethyst_killhole
D:2:      layout_loops_corners, serial_shops, shop,
          hellmonk_ecumenical_altar_inner_sanctum, st_stairs_13, minmay_cut_off
D:3:      layout_loops_cross, lemuel_coloured_pillars_altar,
          cheibrodos_ashenzari_chains
D:4:      layout_basic, nicolae_ru_path_of_blood,
          nicolae_yredelemnul_corpse_copse, amethyst_overflow_temple_binary,
          serial_shops, nicolae_shop_behind_doors, kennysheep_diamond,
          uniq_edmund, uniq_natasha
D:5:      layout_basic, uniq_sigmund

Skill      XL: |  1  2  3  4  5  6 |
---------------+-------------------+-----
Fighting       | 1 2 3 4 |  4.8
Dodging        | 3 |  3.0
Spellcasting   | 3 4 |  4.5
Stealth        | |  1.5

Action                   |  1- 3 |  4- 6 |  7- 9 || total
-------------------------+-------+-------+-------++-------
 Cast: Foxfire           |    29 |    62 |    11 ||   102
       Scorch            |     5 |    42 |    15 ||    62
       Kindle Blastspark |       |     3 |       ||     3
       Slow              |       |     1 |     1 ||     2
       Inner Flame       |       |     1 |       ||     1
       Flame Wave        |       |       |     1 ||     1
Armor: Robe              |     2 |     6 |     5 ||    13
Dodge: Dodged            |     2 |    20 |    35 ||    57

Table legend: (Time is in decaauts)
 A = Elapsed time spent in this place.
 B = Non-inter-level travel time spent in this place.
 C = Inter-level travel time spent in this place.
 D = Time resting spent in this place.
 E = Time spent auto-exploring this place.
 F = Levels seen in this place.
 G = Mean time per level.
                   A        B        C        D        E       F      G
               +--------+--------+--------+--------+--------+-----+--------+
         Total |   5145 |   4951 |    194 |    219 |   4113 |   5 | 1029.0 |
       Dungeon |   5145 |   4951 |    194 |    219 |   4113 |   5 | 1029.0 |
               +--------+--------+--------+--------+--------+-----+--------+

Top non-repeatable levels by time:
     D:4: 2138 daAuts
     D:2: 1264 daAuts
     D:3: 944 daAuts
     D:1: 789 daAuts
     D:5: 7 daAuts
